 Dungeon Crawl Stone Soup version 0.28-a0-511-gcc94558de3 (webtiles) character file.

Game seed: 7052070276035568528

32 wakim the Slasher (level 3, 0/29 HPs)
             Began as a Palentonga Gladiator on Sept 21, 2021.
             Slain by a bat (1 damage)
             ... on level 2 of the Dungeon.
             The game lasted 00:02:02 (892 turns).

wakim the Slasher (Palentonga Gladiator)             Turns: 892, Time: 00:02:03

Health: 0/29       AC:  5    Str: 17    XL:     3   Next: 10%
Magic:  3/3        EV: 10    Int:  8    God:
Gold:   26         SH:  0    Dex: 12    Spells: 2/2 levels left

rFire   . . .      SeeInvis +   a - +0 long sword
rCold   . . .      Faith    .   (no shield)
rNeg    . . .      Spirit   .   b - +0 leather armour
rPois   .          Reflect  .   c - +0 helmet
rElec   .          Harm     .   (no cloak)
rCorr   .          Rampage  .   (no gloves)
Will    .....                   (no barding)
Stlth   +.........              (no amulet)
HPRegen 0.09/turn               j - ring of flight
MPRegen 0.08/turn               (no ring)

@: flying
A: large, rugged brown scales 3, see invisible, deformed body, roll 1, armoured
tail
a: Rolling Charge


You were on level 2 of the Dungeon.
You visited 1 branch of the dungeon, and saw 2 of its levels.

You collected 26 gold pieces.

Inventory:

Hand Weapons
 a - a +0 long sword (weapon)
Missiles
 d - 3 throwing nets {=f!f}
Armour
 b - a +0 leather armour (worn)
 c - a +0 helmet (worn)
Jewellery
 j - a ring of flight (left hand)
Scrolls
 f - 2 scrolls of amnesia {unknown}
 g - a scroll of teleportation {unknown}
Potions
 e - a potion of mutation {unknown}
 h - a potion of cancellation {unknown}
 i - a potion of curing {unknown}
 k - a potion of haste {unknown}


   Skills:
 + Level 2.4 Fighting
 * Level 3.7 Long Blades
 - Level 1.3 Throwing
 + Level 2.7 Dodging


You had 2 spell levels left.
You didn't know any spells.
Your spell library contained the following spells:

 Spells                   Type           Power      Damage    Failure   Level
 Foxfire                  Conj/Fire      0%         2x1d4     47%         1
 Portal Projectile        Hex/Tloc       0%         N/A       85%         3
 Stone Arrow              Conj/Erth      0%         3d7       85%         3


Dungeon Overview and Level Annotations

Branches:
Dungeon (2/15)

Altars:


Innate Abilities, Weirdness & Mutations

You are completely covered in rugged brown scales. (AC +3, +7% HP)
You have supernaturally acute eyesight. (SInv)
Armour fits poorly on your strangely shaped body.
You can roll at nearby foes to attack.
You have a long armoured tail.


Message History

a +0 club; 4 stones
k - a murky pink potion You pick up the Almanac of Displacement and Combat Magic and begin reading...
You add the spells Foxfire, Stone Arrow and Portal Projectile to your library.
You see here a staff of air.
An orc comes into view.
It is wielding a +1 flail of protection.
The orc shouts!
You hear a shout! x3
You roll forward with a clatter of scales!
You hit the orc but do no damage.
A bat comes into view.
The orc hits you with a +1 flail of protection.
You hit the orc but do no damage.
The orc hits you with a +1 flail of protection.
You hit the orc.
Your tail-slap misses the orc.
The orc is heavily wounded.
The orc hits you with a +1 flail of protection.
You barely miss the orc. You tail-slap the orc.
The orc is heavily wounded.
The orc hits you with a +1 flail of protection!
* * * LOW HITPOINT WARNING * * *
The orc hits you with a +1 flail of protection!
* * * LOW HITPOINT WARNING * * *
The bat closely misses you. The bat hits you but does no damage.
An orc comes into view. It is wielding a +0 dagger.
The bat hits you but does no damage. The bat hits you but does no damage.
The bat hits you.
* * * LOW HITPOINT WARNING * * *
The bat hits you but does no damage. The bat hits you but does no damage.
The bat hits you.
* * * LOW HITPOINT WARNING * * *
The bat closely misses you. The bat barely misses you. The bat misses you.
The bat closely misses you. The bat completely misses you. The bat hits you.
You die...

............o...........#
........................#
........................#
..........^.............#
......†.................#
...........#o############
########..##.# ##.##b#
#..#@# #####.#.#
#<....#.# ####)...#
#.#..# #.#..# #.#..#
#.#..# +...>#


You could see an orc and a bat.

Vanquished Creatures
  4 bats
  3 endoplasms
  3 giant cockroaches
  5 hobgoblins (D:1)
  2 jackals (D:1)
  2 quokkas (D:1)
  5 ball pythons (D:1)
  A frilled lizard (D:1)
  2 kobolds (D:2)
  A rat (D:2)
28 creatures vanquished.

Vanquished Creatures (others)
  A fungus (D:1)
  4 plants (D:1)
5 creatures vanquished.

Grand Total: 33 creatures vanquished

Notes
Turn   | Place    | Note
-------+----------+-------------------------------------------
     0 | D:1      | wakim the Palentonga Gladiator began the quest for the Orb.
     0 | D:1      | Reached XP level 1. HP: 17/17 MP: 1/1
   147 | D:1      | Reached XP level 2. HP: 21/23 MP: 2/2
   480 | D:1      | Found a faded altar of an unknown god.
   817 | D:2      | Reached XP level 3. HP: 29/29 MP: 3/3
   863 | D:2      | Got the Almanac of Displacement and Combat Magic
   883 | D:2      | HP: 1/29 [bat (1)]
   892 | D:2      | Slain by a bat

Illustrated notes

Levels and vault maps discovered:
D:1:      minmay_arrival_plants_in_alcoves, layout_loops_cross,
          shapermc_ecumenical_altar_mp_ritualfount, minmay_liquid_box
D:2:      layout_basic

Action                   || total
-------------------------++-------
Melee: Long sword        ||    63
       Tailslap          ||     4
 Abil: Rolling Charge    ||    18
Armor: Leather armour    ||    50
Dodge: Dodged            ||    27

Table legend: (Time is in decaauts)
 A = Elapsed time spent in this place.
 B = Non-inter-level travel time spent in this place.
 C = Inter-level travel time spent in this place.
 D = Time resting spent in this place.
 E = Time spent auto-exploring this place.
 F = Levels seen in this place.
 G = Mean time per level.
                   A        B        C        D        E       F      G
               +--------+--------+--------+--------+--------+-----+--------+
         Total |    905 |    868 |     37 |      0 |    706 |   2 |  452.5 |
       Dungeon |    905 |    868 |     37 |      0 |    706 |   2 |  452.5 |
               +--------+--------+--------+--------+--------+-----+--------+

Top non-repeatable levels by time:
     D:1: 807 daAuts
     D:2: 97 daAuts
